 Dungeon Crawl Stone Soup version 0.30-a0-605-gb2882149bf (webtiles) character file.

Game seed: 11581470727820215593

2820 bjtr the Geomancer (level 9, 0/48 HPs)
             Began as a Gargoyle Earth Elementalist on Jan 7, 2023.
             Was a Believer of Vehumet.
             Killed by divine providence
             ... invoked by an orc priest
              (10 damage)
             ... on level 7 of the Dungeon.
             The game lasted 00:37:31 (6336 turns).

bjtr the Geomancer (Gargoyle Earth Elementalist)    Turns: 6336, Time: 00:37:31

Health: 0/48       AC: 12    Str: 12    XL:     9   Next: 73%
Magic:  21/21      EV: 12    Int: 24    God:    Vehumet [**....]
Gold:   373        SH:  0    Dex: 10    Spells: 13/24 levels left

rFire   . . .      SeeInvis .    b - +9 sling of Prudence {elec, rC+ Will+ Int+4}
rCold   + . .      Faith    .    (no shield)
rNeg    + + .      Spirit   .    U - +1 robe of the Blind Marksman {Will+}
rPois   ∞          Reflect  .    (no helmet)
rElec   +          Harm     .    h - +0 cloak
rCorr   .          Rampage  .    r - +0 pair of gloves
Will    ++...                    m - +0 pair of boots
Stlth   ++                       (no amulet)
HPRegen 0.28/turn                P - ring of positive energy
MPRegen 0.17/turn                (no ring)

@: no status effects
A: sickness immunity, AC +6, negative energy resistance 1, electricity
resistance, torment resistance 1, petrification resistance
a: Renounce Religion


You were on level 7 of the Dungeon.
You worshipped Vehumet.
Vehumet was pleased with you.
You visited 2 branches of the dungeon, and saw 8 of its levels.

You collected 490 gold pieces.
You spent 117 gold pieces at shops.

Inventory:

Hand Weapons
 a - a +4 scythe of flaming
 b - the +9 sling of Prudence (weapon) {elec, rC+ Will+ Int+4}
   (You bought it in a shop on level 7 of the Dungeon)

   Int:       It affects your intelligence (+4).
   rC:        It protects you from cold.
   Will:      It increases your willpower.
 c - a +0 mace
 e - a +0 hand axe
 l - a +0 short sword
 v - the +8 mace of Unaxt {heavy, Fragile Fly Str+2 Int+3}
   (You found it on level 3 of the Dungeon)

   Str:       It affects your strength (+2).
   Int:       It affects your intelligence (+3).
   Fly:       It grants you flight.
   Fragile:   It will be destroyed if unequipped.
 z - a +2 whip of electrocution
 C - a +0 rapier
 F - a +0 long sword
 G - a +0 flail
 L - a +1 dagger of pain
 Q - a +0 dagger of draining
 T - a +4 morningstar
Missiles
 g - 63 stones
 i - 3 atropa-tipped darts
 p - 7 poisoned darts
 E - 13 boomerangs
 R - 3 javelins
Armour
 h - a +0 cloak (worn)
 m - a +0 pair of boots (worn)
 r - a +0 pair of gloves (worn)
 H - a +2 robe of cold resistance
 U - the +1 robe of the Blind Marksman (worn) {Will+}
   (You found it on level 6 of the Dungeon)

   Will:      It increases your willpower.
Magical Staves
 Y - a staff of conjuration
Jewellery
 P - a ring of positive energy (left hand)
Wands
 q - a wand of acid (13)
 N - a wand of roots (13)
 V - a wand of polymorph (9)
Scrolls
 d - 2 scrolls of brand weapon {unknown}
 f - a scroll of poison
 j - a scroll of fog {unknown}
 k - a scroll of amnesia {unknown}
 n - a scroll of noise {unknown}
 o - a scroll of teleportation {unknown}
 w - a scroll of acquirement {unknown}
 y - 2 scrolls of immolation {unknown}
 D - a scroll of silence {unknown}
 J - a scroll of magic mapping {unknown}
 O - a scroll of vulnerability {unknown}
 W - a scroll of enchant weapon {unknown}
Potions
 s - 3 potions of mutation
 t - a potion of lignification
 u - a potion of flight
 x - a potion of ambrosia
 A - a potion of might
 B - 3 potions of cancellation
 I - a potion of heal wounds
 K - a potion of curing {unknown}
 M - 2 potions of resistance
 S - a potion of invisibility {unknown}
 X - a potion of magic


   Skills:
 + Level 2.1 Fighting
 + Level 2.8 Dodging
 + Level 4.3 Stealth
 + Level 8.0 Spellcasting
 + Level 0.7 Conjurations
 - Level 0.7 Transmutations
 + Level 1.7 Fire Magic
 + Level 10.7 Earth Magic


You had 13 spell levels left.
You knew the following spells:

 Your Spells              Type           Power      Damage    Failure   Level
a - Sandblast             Erth           100%       2d20      1%          1
b - Passwall              Tmut/Erth      30%        N/A       1%          2
c - Stone Arrow           Conj/Erth      74%        3d11      1%          3
d - Petrify               Tmut/Erth      37%        N/A       6%          4
e - Foxfire               Conj/Fire      60%        2x1d7     4%          1

Your spell library contained the following spells:

 Spells                   Type           Power      Damage    Failure   Level
 Kiss of Death            Conj/Necr      44%        2d8       5%          1
 Fireball                 Conj/Fire      7%         3d5       73%         5
 Starburst                Conj/Fire      7%         6d4       99%         6


Dungeon Overview and Level Annotations

Branches:
Dungeon (7/15)             Temple (1/1) D:6

Altars:
Ashenzari
Cheibriados
Dithmenos
Fedhas
Gozag
Hepliaklqana
Kikubaaqudgha
Makhleb
Nemelex Xobeh
Okawaru
Qazlal
Ru
Sif Muna
Trog
Uskayaw
Vehumet
Wu Jian
Xom
Yredelemnul
Zin
The Shining One

Shops:
D:7 (


Innate Abilities, Weirdness & Mutations

You are immune to sickness and miasma.
Your stone body is resilient. (AC +6)
You are immune to poison.
You resist negative energy. (rN+)
You are resistant to electric shocks. (rElec)
You are resistant to unholy torment.
You are immune to petrification.


Message History

Casting: Sandblast (safe; 1% risk of failure)
Confirm with . or Enter, or press ? or * to list all spells.
Aiming: Sandblast (safe; 1% risk of failure)
Press: ? - help, Shift-Dir - straight line, f - orc, p - orc warrior
Aim: an orc, wielding a +0 trident (85% to hit)
The blast of sand hits the orc warrior!
The orc warrior is moderately wounded.
The orc warrior hits you but does no damage.
The orc warrior hits you with a +0 dire flail!
Casting: Sandblast (safe; 1% risk of failure)
Confirm with . or Enter, or press ? or * to list all spells.
Aiming: Sandblast (safe; 1% risk of failure)
Press: ? - help, Shift-Dir - straight line, f/p - orc
Aim: an orc, wielding a +0 trident (85% to hit)
The blast of sand misses the orc warrior.
The blast of sand hits the orc!
You kill the orc!
Vehumet accepts your kill.
You feel your power returning.
The orc warrior hits you with a +0 dire flail!
* * * LOW HITPOINT WARNING * * *
The orc warrior hits you with a +0 dire flail.
* * * LOW HITPOINT WARNING * * *
The orc warrior closely misses you.
Casting: Sandblast (safe; 1% risk of failure)
Confirm with . or Enter, or press ? or * to list all spells.
Okay, then.
You feel much better.
The orc warrior hits you with a +0 dire flail!
Okay, then.
The air fills with toxic fumes!
As you read the scroll of poison, it crumbles to dust.
The orc warrior hits you with a +0 dire flail.
The orc priest calls down the wrath of Beogh upon you.
Beogh smites you!
* * * LOW HITPOINT WARNING * * *
The orc warrior hits you but does no damage.
The orc priest mumbles some strange prayers to Beogh against you.
Beogh smites you!
You die...

.#....#..##.####.####
.#..#.#..##.# #.#
....#.#.....# #)#
...##...###.####§######
.####### #.....§.....#
.. #.###§####### ..
#####§####
...###########§§§§§#####
........§o§§.o§§@§§§§..#
.#.####.#§####§§##§###.#
##...o..#.# #§§# .#
#......#.# #§§§. #
##.#)...... .§##..
..............§# ....
#.o#.#........§. .##
.....########### ##
...## #.......#


You could see an orc warrior (fast) and an orc priest.

Vanquished Creatures
  Sigmund (D:2)
  3 water moccasins
  A sky beast (D:7)
  An ice beast (D:3)
  2 black bears
  An ogre (D:5)
  A centaur (D:5)
  2 phantoms (D:5)
  A gnoll sergeant (D:7)
  2 necrophages (D:6)
  3 wights (D:7)
  5 killer bees (D:6)
  3 howler monkeys (D:7)
  A jelly (D:6)
  6 hounds
  3 orc priests
  A gnoll bouda (D:5)
  2 iguanas
  10 orc wizards
  10 gnolls
  13 adders
  3 white imps
  3 worms (D:2)
  A dart slug (D:3)
  36 orcs
  A giant cockroach (D:1)
  4 goblins
  3 hobgoblins
  3 jackals (D:5)
  5 kobolds
  2 quokkas
  8 ball pythons
  3 bats
  6 frilled lizards
  4 rats
154 creatures vanquished.

Vanquished Creatures (others)
  30 foxfires (D:7)
30 creatures vanquished.

Grand Total: 184 creatures vanquished

Notes
Turn   | Place    | Note
-------+----------+-------------------------------------------
     0 | D:1      | bjtr the Gargoyle Earth Elementalist began the quest for
                  | the Orb.
     0 | D:1      | Reached XP level 1. HP: 10/10 MP: 3/3
   170 | D:1      | Reached XP level 2. HP: 15/15 MP: 3/5
   173 | D:1      | Learned a level 2 spell: Passwall
   220 | D:1      | Reached skill level 4 in Earth Magic
   948 | D:2      | Reached XP level 3. HP: 16/19 MP: 2/6
  1106 | D:2      | Noticed Sigmund
  1115 | D:2      | Killed Sigmund
  1116 | D:2      | Reached skill level 5 in Earth Magic
  1116 | D:2      | Reached XP level 4. HP: 6/24 MP: 2/9
  1116 | D:2      | Reached XP level 5. HP: 7/28 MP: 2/10
  1934 | D:3      | Identified the +8 mace of Unaxt {heavy, Fragile Fly Str+2
                  | Int+3}
  2118 | D:3      | Found a faded altar of an unknown god.
  2203 | D:3      | Reached XP level 6. HP: 32/32 MP: 8/12
  2768 | D:4      | Reached skill level 6 in Earth Magic
  3118 | D:4      | Found a bloodstained altar of Trog.
  3309 | D:4      | Found a radiant altar of Vehumet.
  3309 | D:4      | Found a sparkling altar of Nemelex Xobeh.
  3318 | D:4      | Became a worshipper of Vehumet
  3348 | D:5      | Entered Level 5 of the Dungeon
  3348 | D:5      | Noticed a black bear
  3354 | D:5      | Killed a black bear
  3355 | D:5      | Reached XP level 7. HP: 28/37 MP: 7/14
  3382 | D:3      | Reached skill level 5 in Spellcasting
  3488 | D:3      | Learned a level 3 spell: Stone Arrow
  3493 | D:3      | Learned a level 4 spell: Petrify
  3495 | D:3      | Learned a level 1 spell: Foxfire
  3505 | D:5      | Reached skill level 7 in Earth Magic
  3574 | D:5      | Reached skill level 1 in Fighting
  3706 | D:5      | Reached XP level 8. HP: 43/43 MP: 10/16
  3938 | D:5      | Reached skill level 8 in Earth Magic
  3939 | D:5      | Reached * piety under Vehumet
  3939 | D:5      | Offered knowledge of Magic Dart by Vehumet.
  4354 | D:6      | Reached skill level 9 in Earth Magic
  4452 | D:6      | Found a staircase to the Ecumenical Temple.
  4606 | Temple   | Entered the Ecumenical Temple
  4886 | D:6      | Identified the +1 robe of the Blind Marksman {Will+}
  4917 | D:6      | Reached XP level 9. HP: 47/47 MP: 15/19
  5390 | D:7      | Upgraded the game from 0.30-a0-596-g0af90f9a20 to
                  | 0.30-a0-605-gb2882149bf
  5477 | D:7      | Reached skill level 10 in Earth Magic
  5656 | D:7      | Found Milusch Digy's Antique Weapon Shop.
  5709 | D:7      | Bought a faintly glowing sling for 117 gold pieces
  5709 | D:7      | Identified the +9 sling of Prudence {elec, rC+ Will+ Int+4}
                  | (You bought it in a shop on level 7 of the Dungeon)
  5761 | D:7      | Reached skill level 1 in Fire Magic
  5901 | D:7      | Reached ** piety under Vehumet
  5992 | D:7      | Offered knowledge of Kiss of Death by Vehumet.
  6336 | D:7      | Killed from afar by an orc priest

Illustrated notes

Levels and vault maps discovered:
D:1:      nagdon_arrival_zigzag_paths, layout_loops_ring
D:2:      layout_basic, serial_corexii_hall, corexii_hall_statues_t,
          chequers_hall_statues_y, feat_on_display, uniq_sigmund
D:3:      layout_basic, basic_ecumenical_altar, hangedman_decor_diamond_cutter
D:4:      layout_rooms, lemuel_round_altar, gammafunk_temple_overflow_statue
D:5:      nicolae_cairo_tiling_large_dashed, layout_rooms
D:6:      layout_basic, temple_pool_b, kennysheep_windowed_goal
D:7:      layout_basic, serial_shops, nicolae_shop_hallway_stairs,
          ebering_dispersal_statue_hall
Temple:   nicolae_temple_two_arcs

Skill      XL: |  1  2  3  4  5  6  7  8  9 |
---------------+----------------------------+-----
Earth Magic    | 4 5 6 7 9 10 | 10.7
Dodging        | 2 |  2.8
Spellcasting   | 3 4 5 6 8 |  8.0
Stealth        | 3 4 |  4.3
Fighting       | 1 2 |  2.1
Fire Magic     | 1 |  1.7
Conjurations   | |  0.7
Transmutations | |  0.7

Action                   |  1- 3 |  4- 6 |  7- 9 || total
-------------------------+-------+-------+-------++-------
Melee: Mace              |     4 |       |       ||     4
       Punch             |     1 |       |       ||     1
       Halberd           |       |    13 |    17 ||    30
 Fire: Sling             |       |       |    30 ||    30
Throw: Dart              |       |       |     3 ||     3
 Cast: Sandblast         |    30 |    63 |   118 ||   211
       Stone Arrow       |       |       |     6 ||     6
       Foxfire           |       |       |    16 ||    16
  Use: Potion            |     1 |       |     1 ||     2
       Scroll            |       |     2 |     7 ||     9
Armor: Robe              |     8 |    15 |    50 ||    73
       Skin              |     1 |       |       ||     1
Dodge: Dodged            |    18 |    17 |    63 ||    98

Table legend: (Time is in decaauts)
 A = Elapsed time spent in this place.
 B = Non-inter-level travel time spent in this place.
 C = Inter-level travel time spent in this place.
 D = Time resting spent in this place.
 E = Time spent auto-exploring this place.
 F = Levels seen in this place.
 G = Mean time per level.
                   A        B        C        D        E       F      G
               +--------+--------+--------+--------+--------+-----+--------+
         Total |   6468 |   6257 |    211 |    915 |   3976 |   8 |  808.5 |
       Dungeon |   6349 |   6144 |    205 |    915 |   3870 |   7 |  907.0 |
        Temple |    119 |    113 |      6 |      0 |    106 |   1 |  119.0 |
               +--------+--------+--------+--------+--------+-----+--------+

Top non-repeatable levels by time:
     D:2: 1102 daAuts
     D:6: 989 daAuts
     D:7: 978 daAuts
     D:1: 852 daAuts
     D:5: 849 daAuts
     D:3: 846 daAuts
     D:4: 730 daAuts
  Temple: 119 daAuts
